 Dungeon Crawl Stone Soup version 0.24-a0-537-g2d01d4ab0a (webtiles) character file.

Game seed: 18085656789687717925

298 Chiseanne the Magician (level 6, -6/41 HPs)
             Began as a Demonspawn Wizard on Aug 15, 2019.
             Mangled by an orc warrior
             ... wielding a +0 short sword
              (16 damage)
             ... on level 3 of the Dungeon.
             The game lasted 00:08:43 (3773 turns).

Chiseanne the Magician (Demonspawn Wizard)          Turns: 3773, Time: 00:08:43

Health: -6/41      AC:  8    Str:  7    XL:     6   Next: 13%
Magic:  15/22      EV: 12    Int: 22    God:
Gold:   150        SH:  0    Dex: 11    Spells: 6/15 levels left

rFire    . . .     SeeInvis .   q - +3 quarterstaff (chaos)
rCold    . . .     Gourm    .   (shield currently unavailable)
rNeg     . . .     Faith    .   a - +0 robe
rPois    .         Spirit   .   u - +1 helmet
rElec    .         Reflect  .   r - +1 cloak
rCorr    .         Harm     .   (no gloves)
MR       +....                  (no boots)
Stlth    ++........             (no amulet)
HPRegen  0.13/turn              t - ring of magical power
MPRegen  0.18/turn              (no ring)

@: no status effects
A: thin metallic scales 1, magic resistance 1, powered by pain 2, no potion heal
1
a: no special abilities


You were on level 3 of the Dungeon.
You were not hungry.

You visited 1 branch of the dungeon, and saw 4 of its levels.

You collected 150 gold pieces.

Inventory:

Hand Weapons
 q - a +3 quarterstaff of chaos (weapon)
Missiles
 j - 108 stones (quivered)
 p - 22 arrows
 s - 15 sling bullets
Armour
 a - a +0 robe (worn)
 k - a +0 buckler
 r - a +1 cloak (worn)
 u - a +1 helmet (worn)
Jewellery
 t - a ring of magical power (left hand)
Scrolls
 e - a scroll of blinking
 f - 3 scrolls of remove curse
 l - 2 scrolls of teleportation
 m - a scroll of magic mapping
 n - a scroll of fog
Potions
 c - a potion of ambrosia
 g - 3 potions of might
 h - 5 potions of curing
 i - 2 potions of heal wounds
 o - a potion of magic {unknown}
Comestibles
 b - 3 chunks of flesh
 d - 6 rations


   Skills:
 - Level 1.7 Dodging
 - Level 1.7 Stealth
 * Level 5.0 Spellcasting
 * Level 4.4 Conjurations
   Level 1.0 Summonings
 - Level 0.8 Translocations


You had 6 spell levels left.
You knew the following spells:

 Your Spells              Type           Power        Failure   Level  Hunger
a - Magic Dart            Conj           ###.         1%          1    None
b - Blink                 Tloc           N/A          11%         2    None
c - Conjure Flame         Conj/Fire      ###.....     12%         3    ##.....
d - Mephitic Cloud        Conj/Pois/Air  ##......     17%         3    ##.....

Your spell library contained the following spells:

 Spells                   Type           Power        Failure   Level  Hunger
 Call Imp                 Summ           #.......     10%         2    None
 Slow                     Hex            #.......     16%         2    None


Dungeon Overview and Level Annotations

Branches:
Dungeon (4/15)
 Temple: D:4-7

Altars:
Cheibriados


Innate Abilities, Weirdness & Mutations

You are partially covered in thin metallic scales. (AC +2)
You sometimes gain power by taking damage.
You are resistant to hostile enchantments. (MR+)
Potions are less effective at restoring your health.


Message History

The magic dart hits the orc warrior but does no damage.
The orc warrior is heavily wounded.
The orc warrior is engulfed in noxious fumes.
The orc warrior hits you with a +0 short sword.
* * * LOW HITPOINT WARNING * * *
You hit the orc warrior.
The orc warrior appears confused.
The orc warrior is severely wounded.
The orc warrior is engulfed in noxious fumes.
The orc warrior appears confused.
The orc warrior is engulfed in noxious fumes.
The orc warrior appears confused.
Casting: Magic Dart (safe; 1% risk of failure)
Confirm with . or Enter, or press ? or * to list all spells.
Aiming: Magic Dart (safe; 1% risk of failure)
Press: ? - help, Shift-Dir - straight line, f/p - orc warrior
Aim: an orc warrior, wielding a +0 short sword and wearing a +0 chain mail (severely wounded, confused)
The magic dart hits the orc warrior.
The orc warrior is severely wounded.
The orc warrior hits you with a +0 short sword!
You die...

........##.###.####.#.#####.>...#
#.#####.##.# #.# #.#........[...
#.# #.##.# #.# #.#######.....#
#.# #.##.###.####.#######...{.#
#.# #.##...............####.###
#.# #.#####..#########.# #.###
#<# #.# #..## ##.# #....
#.#####.#####..o## #..# #####
#.........##....@# ###.##
#######.#.###...#####.#.####
#..........)...#.....######
###.####...<..###.......... #.#
#..####.#..##.###.## #.# #..#
##...##.# #.## #.#
#..######..##.# #.## ####### #.#
#..........##.# #.## ......###.##
#..####....##.###.##


You could see an orc warrior (confused).

Vanquished Creatures
  An ice beast (D:3)
  A hound (D:2)
  An orc wizard (D:3)
  Crazy Yiuf (D:2)
  Jessica (D:3)
  Robin (D:3)
  3 worms (D:2)
  3 dart slugs
  2 leopard geckos
  2 ball pythons
  3 giant cockroaches
  20 goblins
  6 hobgoblins
  8 kobolds
  2 bats
  8 frilled lizards
  10 rats
73 creatures vanquished.

Notes
Turn   | Place    | Note
-------+----------+-------------------------------------------
     0 | D:1      | Chiseanne the Demonspawn Wizard began the quest for the
                  | Orb.
     0 | D:1      | Reached XP level 1. HP: 13/13 MP: 4/4
   370 | D:1      | Gained mutation: You sometimes gain a little power by
                  | taking damage. [demonic ancestry]
   370 | D:1      | Reached XP level 2. HP: 19/19 MP: 4/6
   891 | D:1      | Reached XP level 3. HP: 24/24 MP: 6/8
  1365 | D:2      | Gained mutation: You are partially covered in thin metallic
                  | scales. (AC +2) [demonic ancestry]
  1365 | D:2      | Reached XP level 4. HP: 20/30 MP: 0/9
  1464 | D:2      | Learned a level 2 spell: Blink
  1468 | D:2      | Learned a level 3 spell: Conjure Flame
  1472 | D:2      | Learned a level 3 spell: Mephitic Cloud
  1739 | D:2      | Found a snail-covered altar of Cheibriados.
  1881 | D:2      | Reached skill level 4 in Spellcasting
  2197 | D:2      | Found a runed translucent door.
  2198 | D:2      | Noticed Crazy Yiuf
  2492 | D:2      | Killed Crazy Yiuf
  2900 | D:3      | Noticed Jessica
  2900 | D:3      | Noticed an ice beast
  2917 | D:3      | Gained mutation: Potions are less effective at restoring
                  | your health. [potion of mutation]
  2917 | D:3      | Gained mutation: You are resistant to hostile enchantments.
                  | (MR+) [potion of mutation]
  2927 | D:3      | Killed an ice beast
  2927 | D:3      | Gained mutation: You sometimes gain power by taking damage.
                  | [demonic ancestry]
  2927 | D:3      | Reached XP level 5. HP: 20/35 MP: 1/12
  2929 | D:3      | Killed Jessica
  3226 | D:3      | Noticed Robin
  3247 | D:3      | Killed Robin
  3247 | D:3      | Reached XP level 6. HP: 35/41 MP: 3/13
  3683 | D:4      | Noticed an orc warrior
  3692 | D:3      | Reached skill level 5 in Spellcasting
  3773 | D:3      | Mangled by an orc warrior

Levels and vault maps discovered:
D:1:      dpeg_arrival_concentric_ovals, layout_basic, minmay_pentomino_z4
D:2:      layout_loops_cross, kennysheep_slug_shrine,
          kennysheep_decorative_pillar, roderic_lattice_a,
          uniq_crazy_yiuf_cottage
D:3:      layout_loops_ring, first_ration, chequers_serial_rivers_small_b,
          minmay_fractal_squares_diagonal_5, uniq_robin, uniq_jessica
D:4:      layout_cave_pods, minivault_27, minmay_checkerbox

Skill      XL: |  1  2  3  4  5  6 |
---------------+-------------------+-----
Conjurations   | 2 3 4 |  4.4
Spellcasting   | 4 5 |  5.0
Dodging        | |  1.7
Stealth        | |  1.7
Summonings     | |  1.0
Translocations | |  0.8

Action                   |  1- 3 |  4- 6 || total
-------------------------+-------+-------++-------
Melee: Dagger            |    17 |       ||    17
       Short sword       |       |    17 ||    17
       Quarterstaff      |       |    21 ||    21
 Cast: Magic Dart        |    66 |    87 ||   153
       Mephitic Cloud    |       |     5 ||     5
       Blink             |       |     6 ||     6
       Conjure Flame     |       |     1 ||     1
  Use: Scroll            |     4 |     7 ||    11
       Potion            |       |     3 ||     3
 Stab: Paralysed         |       |     4 ||     4
  Eat: Chunk             |     1 |     5 ||     6
       Ration            |       |     1 ||     1
Armor: Robe              |     3 |     6 ||     9
Dodge: Dodged            |    19 |    24 ||    43

Table legend:
 A = Non-vault XP
 B = Vault XP
 C = Vault XP percentage of total XP
 D = Non-vault monster count
 E = Vault monster count
 F = Vault count percentage of total count
                 A         B        C        D         E       F
            +---------+---------+-------+---------+---------+-------
      Total |     299 |     127 |  29.8 |      52 |      21 |  28.8
            +---------+---------+-------+---------+---------+-------
        D:1 |      46 |       7 |  13.2 |      29 |       3 |   9.4
        D:2 |      74 |      43 |  36.8 |      12 |       2 |  14.3
        D:3 |     179 |      77 |  30.1 |      11 |      16 |  59.3
            +---------+---------+-------+---------+---------+-------
